 Dungeon Crawl Stone Soup version 0.28.0-53-g5a82cb258f (webtiles) character file.

Game seed: 11139868365871502060

165 Infinimo the Cudgeller (level 5, -1/54 HPs)
             Began as an Ogre Gladiator on June 3, 2022.
             Slain by an orc wizard
             ... wielding a +0 dagger
              (3 damage)
             ... on level 2 of the Dungeon.
             The game lasted 00:02:34 (2558 turns).

Infinimo the Cudgeller (Ogre Gladiator)             Turns: 2558, Time: 00:02:34

Health: -1/54      AC:  3    Str: 20    XL:     5   Next: 46%
Magic:  5/5        EV: 10    Int:  9    God:
Gold:   72         SH:  0    Dex: 10    Spells: 4/4 levels left

rFire   . . .      SeeInvis .   a - +0 flail
rCold   . . .      Faith    .   (no shield)
rNeg    . . .      Spirit   .   b - +0 robe
rPois   .          Reflect  .   c - +0 hat
rElec   .          Harm     .   (no cloak)
rCorr   .          Rampage  .   (gloves unavailable)
Will    .....                   (boots unavailable)
Stlth   +.........              (no amulet)
HPRegen 0.18/turn               (no ring)
MPRegen 0.09/turn               (no ring)

@: brilliant, attractive
A: large, unfitting armour, tough skin 1
a: no special abilities


You were on level 2 of the Dungeon.
You visited 1 branch of the dungeon, and saw 3 of its levels.

You collected 72 gold pieces.

Inventory:

Hand Weapons
 a - a +0 flail (weapon)
Missiles
 d - 3 throwing nets (quivered)
 g - 3 poisoned darts
Armour
 b - a +0 robe (worn)
 c - a +0 hat (worn)
Scrolls
 f - a scroll of identify {unknown}
 h - a scroll of noise {unknown}
 i - a scroll of amnesia {unknown}
 j - a scroll of vulnerability {unknown}
 k - a scroll of acquirement {unknown}
 l - a scroll of enchant weapon {unknown}
Potions
 e - a potion of flight


   Skills:
 + Level 4.2 Fighting
 * Level 4.3 Maces & Flails
 - Level 2.0 Throwing
 + Level 3.5 Dodging


You had 4 spell levels left.
You didn't know any spells.
Your spell library contained the following spells:

 Spells                   Type           Power      Damage    Failure   Level
 Freeze                   Ice            0%         1d3       38%         1


Dungeon Overview and Level Annotations

Branches:
Dungeon (3/15)

Altars:
Vehumet
Yredelemnul


Innate Abilities, Weirdness & Mutations

You are too large for most types of armour.
You have tough skin. (AC +1)


Message History

Things that are here:
a +0 flail; a +0 leather armour You miss something.
Something hits you but does no damage.
You barely miss something.
You hear some strange, mumbled words.
A magic dart appears from out of thin air!
The magic dart hits you!
* * * LOW HITPOINT WARNING * * *
It was a potion of attraction.
You feel attractive to monsters. Something hits you.
* * * LOW HITPOINT WARNING * * *
It was a potion of curing.
You feel better.
You hear some strange, mumbled words.
A magic dart appears from out of thin air!
The magic dart hits you.
* * * LOW HITPOINT WARNING * * *
You sock something! Something hits you.
* * * LOW HITPOINT WARNING * * *
Something hits you but does no damage.
You closely miss something.
You hear some strange, mumbled words.
Something tries to affect you, but you resist.
You miss something. Something hits you.
* * * LOW HITPOINT WARNING * * *
You completely miss something. Something hits you but does no damage.
You miss something. Something hits you.
* * * LOW HITPOINT WARNING * * *
You barely miss something. Something hits you.
* * * LOW HITPOINT WARNING * * *
Something hits you.
* * * LOW HITPOINT WARNING * * *
You barely miss something. Something hits you.
* * * LOW HITPOINT WARNING * * *
It was a potion of brilliance.
You feel clever all of a sudden. Something hits you but does no damage.
You hit something. Something hits you but does no damage.
You miss something. Something hits you.
You die...

#.#.#.#...<...........#
####...#.#..#............#
....####.##.#............#
.........##..............#
....########......[......#
....# #.............#
##### #.....#########
#############.##.#
...............#@#
############....{# #
#.....# # #.....# #
#.>...# # #....)# #
#...)># # #....## # #....#


There were no monsters in sight!

Vanquished Creatures
  A hound (D:1)
  An orc priest (D:3)
  2 orc wizards (D:2)
  A white imp (D:3)
  A worm (D:2)
  7 orcs
  7 ball pythons
  4 endoplasms (D:1)
  3 giant cockroaches
  A goblin (D:2)
  4 hobgoblins
  2 quokkas (D:1)
  5 bats
  3 frilled lizards
  A kobold (D:1)
  4 rats
47 creatures vanquished.

Vanquished Creatures (others)
  A fungus (D:2)
  2 plants (D:2)
3 creatures vanquished.

Grand Total: 50 creatures vanquished

Notes
Turn   | Place    | Note
-------+----------+-------------------------------------------
     0 | D:1      | Infinimo the Ogre Gladiator began the quest for the Orb.
     0 | D:1      | Reached XP level 1. HP: 22/22 MP: 1/1
   466 | D:1      | Reached XP level 2. HP: 25/29 MP: 2/2
  1094 | D:1      | Reached XP level 3. HP: 19/37 MP: 3/3
  1644 | D:2      | Reached XP level 4. HP: 43/45 MP: 4/4
  1774 | D:2      | Found a basalt altar of Yredelemnul.
  1796 | D:2      | Found a faded altar of an unknown god.
  1801 | D:2      | Got Plato's Incunabulum of Cold
  2370 | D:3      | Found a radiant altar of Vehumet.
  2420 | D:2      | Reached XP level 5. HP: 50/54 MP: 5/5
  2546 | D:2      | HP: 2/54 [something/magic dart (8)]
  2554 | D:2      | HP: 2/54 [something (2)]
  2558 | D:2      | Slain by an orc wizard

Illustrated notes

Levels and vault maps discovered:
D:1:      onia_arrival_pentagram, layout_basic
D:2:      layout_basic, shapermc_ecumenical_altar_rom_forum, basic_altar
D:3:      layout_basic, nicolae_vehumet_radiance, mainiacjoe_overflow_24_doors,
          lemuel_crystal_altar, minmay_misc_feat_tiny, kennysheep_flooded_box,
          uniq_jessica

Skill      XL: |  1  2  3  4 |
---------------+-------------+-----
Fighting       | 3 4 |  4.2
Maces & Flails | 3 4 |  4.3
Dodging        | 3 |  3.5
Throwing       | |  2.0

Action                   |  1- 3 |  4- 6 || total
-------------------------+-------+-------++-------
Melee: Flail             |    84 |    93 ||   177
       Punch             |     3 |     1 ||     4
  Use: Potion            |       |     5 ||     5
Armor: Robe              |    26 |    35 ||    61
Dodge: Dodged            |    42 |    38 ||    80
